 Dungeon Crawl Stone Soup version 0.30-a0-424-g7412bad402 (console) character file.

Game seed: 10495372835207104811

12866 MakMorn the Zephyrmancer (level 11, -3/89 HPs)
             Began as an Armataur Air Elementalist on Dec 9, 2022.
             Was a Follower of Vehumet.
             Slain by a fire elemental (8 damage)
             ... created by the fiery vengeance of Ignis
             ... on level 2 of the Lair of Beasts.
             The game lasted 01:08:18 (19971 turns).

MakMorn the Zephyrmancer (AtAE)                    Turns: 19971, Time: 01:08:19

Health: -3/89      AC: 13    Str: 16    XL:     11   Next: 68%
Magic:  2/24       EV: 11    Int: 27    God:    Vehumet [*.....]
Gold:   431        SH:  0    Dex: 13    Spells: 14/29 levels left

rFire   . . .      SeeInvis +    a - +7 spear of the Boar {freeze, rN++}
rCold   . . .      Faith    .    (no shield)
rNeg    + + .      Spirit   .    d - +1 robe of Hedging {rCorr Str+3 SInv}
rPois   .          Reflect  .    h - +2 helmet
rElec   +          Harm     .    e - +2 cloak "Eppas" {rElec Dex+3 Stlth+}
rCorr   +          Roll     +    g - +1 pair of gloves
Will    .....                    (no barding)
Stlth   +++.......               (no amulet)
HPRegen 0.34/turn                I - +6 ring of intelligence
MPRegen 0.19/turn                W - ring of wizardry

@: no status effects
A: large, rugged brown scales 3, deformed body, armoured tail, roll, long
tongue, awkward tongue
a: Renounce Religion


You were on level 2 of the Lair of Beasts.
You worshipped Vehumet.
Vehumet was aware of your devotion.
You visited 3 branches of the dungeon, and saw 13 of its levels.

You collected 602 gold pieces.
You spent 171 gold pieces at shops.

Inventory:

Hand Weapons
 a - the +7 spear of the Boar (weapon) {freeze, rN++}
   (You found it on level 5 of the Dungeon)

   It freezes those it strikes, dealing additional cold damage.
   It can also slow down cold-blooded creatures.
   rN:        It greatly protects you from negative energy.
 c - a +2 spear of freezing
 P - a +0 vampiric whip
Missiles
 n - 37 poisoned darts
 u - 2 silver boomerangs
 x - 8 boomerangs
Armour
 d - the +1 robe of Hedging (worn) {rCorr Str+3 SInv}
   (You bought it in a shop on level 2 of the Dungeon)

   Str:       It affects your strength (+3).
   SInv:      It lets you see invisible.
   rCorr:     It protects you from acid and corrosion.
 e - the +2 cloak "Eppas" (worn) {rElec Dex+3 Stlth+}
   (You found it on level 3 of the Dungeon)

   Dex:       It affects your dexterity (+3).
   rElec:     It insulates you from electricity.
   Stlth:     It makes you more stealthy.
 g - a +1 pair of gloves (worn)
 h - a +2 helmet (worn)
 E - a +1 leather armour of poison resistance
 J - a +0 robe of cold resistance
Magical Staves
 b - a staff of earth
Jewellery
 j - a ring of wizardry
 A - a ring of wizardry
 B - a +6 ring of strength
 I - a +6 ring of intelligence (left hand)
 W - a ring of wizardry (right hand)
Wands
 l - a wand of mindburst (26)
 w - a wand of polymorph (3)
 R - a wand of flame (16)
Scrolls
 f - a scroll of enchant weapon
 k - 3 scrolls of teleportation
 m - 3 scrolls of magic mapping
 o - 3 scrolls of noise
 s - a scroll of summoning {unknown}
 D - 3 scrolls of fear
 L - 2 scrolls of blinking
Potions
 i - 4 potions of brilliance
 p - 5 potions of mutation {unknown}
 q - 4 potions of cancellation
 r - a potion of magic
 t - 2 potions of curing
 v - 3 potions of flight
 K - 2 potions of invisibility
 O - a potion of haste {unknown}
 Q - a potion of ambrosia {unknown}


   Skills:
 * Level 4.1 Fighting
 * Level 3.1(3.3) Polearms
 - Level 1.9(2.9) Staves
 * Level 3.8 Dodging
 - Level 2.1 Stealth
 * Level 9.6 Spellcasting
 * Level 6.4 Conjurations
 * Level 10.3 Air Magic


You had 14 spell levels left.
You knew the following spells:

 Your Spells              Type           Power      Damage    Failure   Level
a - Shock                 Conj/Air       100%       1d9       1%          1
b - Airstrike             Air            31%        2d(5-21)  1%          4
d - Static Discharge      Conj/Air       100%       2-7/arc   1%          2
z - Stone Arrow           Conj/Erth      60%        3d10      1%          3
B - Blink                 Tloc           26%        N/A       2%          2
M - Swiftness             Air            62%        N/A       1%          3

Your spell library contained the following spells:

 Spells                   Type           Power      Damage    Failure   Level
 Freeze                   Ice            52%        1d6       1%          1
 Sandblast                Erth           26%        2d8       1%          1
 Momentum Strike          Conj/Tloc      60%        3d9       1%          2
 Passwall                 Tmut/Erth      10%        N/A       2%          2
 Sublimation of Blood     Necr           13%        N/A       2%          2
 Lesser Beckoning         Tloc           26%        N/A       5%          3
 Portal Projectile        Hex/Tloc       26%        N/A       5%          3
 Tukima's Dance           Hex            13%        N/A       5%          3
 Agony                    Necr           13%        N/A       43%         5
 Blade Hands              Tmut           6%         N/A       43%         5
 Necromutation            Tmut/Necr      6%         N/A       100%        8


Dungeon Overview and Level Annotations

Branches:
Dungeon (10/15)            Temple (1/1) D:6            Lair (2/5) D:9
 Shoals (0/4) Lair:2       Spider (0/4) Lair:2
    Orc: D:9-12

Altars:
Ashenzari
Cheibriados
Dithmenos
Elyvilon
Fedhas
Gozag
Hepliaklqana
Kikubaaqudgha
Nemelex Xobeh
Qazlal
Ru
Sif Muna
Trog
Uskayaw
Vehumet
Wu Jian
Xom
Yredelemnul
Zin
The Shining One
Ignis

Shops:
D:1 (   D:2 [

Annotations:
D:3 1 runed translucent door, Crazy Yiuf
D:5 3 runed translucent doors, osoart's ghost, amateur DjFE


Innate Abilities, Weirdness & Mutations

You are completely covered in rugged brown scales. (AC +3, +7% HP)
Armour fits poorly on your strangely shaped body.
You have a long armoured tail.
You roll when moving toward enemies. (Rampage)
Your long tongue fully drains potion bottles. (2x potion effects)
Your tongue gives you trouble enunciating. (1.5x scroll delay)


Message History

The fire elemental barely misses you. x2
Casting: Stone Arrow (safe; 1% risk of failure)
Confirm with . or Enter, or press ? or * to list all spells.
Aiming: Stone Arrow (safe; 1% risk of failure)
Press: ? - help, Shift-Dir - straight line, f/p - fire elemental
Aim: a fire elemental (almost destroyed, durably summoned, 70% to hit)
You feel a surge of power!
The stone arrow misses the fire elemental.
The fire elemental hits you. The fire elemental burns you!
The fire elemental hits you. The fire elemental burns you!
Casting: Stone Arrow (safe; 1% risk of failure)
Confirm with . or Enter, or press ? or * to list all spells.
Aiming: Stone Arrow (safe; 1% risk of failure)
Press: ? - help, Shift-Dir - straight line, f/p - fire elemental
Aim: a fire elemental (almost destroyed, durably summoned, 70% to hit)
You feel a surge of power!
The stone arrow hits the fire elemental!
You destroy the fire elemental!
That felt strangely unrewarding.
The fire elemental barely misses you. The fire elemental misses you.
The +7 spear of the Boar {freeze, rN++} glows with a cold blue light!
a - the +7 spear of the Boar (weapon)
{freeze, rN++} You hit the fire elemental.
You freeze the fire elemental.
The fire elemental is lightly damaged.
The fire elemental hits you. The fire elemental burns you!
* * * LOW HITPOINT WARNING * * *
The fire elemental hits you. The fire elemental burns you!
* * * LOW HITPOINT WARNING * * *
You hit the fire elemental. You freeze the fire elemental.
The fire elemental is heavily damaged.
The fire elemental hits you. The fire elemental burns you!
* * * LOW HITPOINT WARNING * * *
You closely miss the fire elemental.
The fire elemental is heavily damaged.
The fire elemental closely misses you.
You hit the fire elemental. You freeze the fire elemental.
Your tail-slap misses the fire elemental.
The fire elemental is severely damaged.
The fire elemental hits you. The fire elemental burns you!
You die...

##...............#...............
.......#....#............#.......
##................###.##+........
............#....................
.......###'.#...........###..#..#
........####............#.#######
.......#####....#.###....## #
#...#..##.###..E#####...## #
#...#.##...##.°#@##.##...## #
......#...................#
..[...#.....#.............##
............#..............#
......##... #..............######
......###. ##.................#P#
[......## ##.....................
........###......^..........P#.##
.......................)...#####


You could see a fire elemental.

Vanquished Creatures
  A hydra (Lair:2)
  5 elephants
  2 black mambas
  7 cane toads
  2 rime drakes (Lair:1)
  4 komodo dragons
  A polar bear (Lair:1)
  8 yaks
  A basilisk (Lair:1)
  18 fire elementals
  Edmund (D:5)
  2 redbacks (Lair:2)
  3 vampire mosquitoes (D:10)
  An acid dragon (D:9)
  4 water moccasins
  An ice beast (D:6)
  4 orc warriors
  An ogre (D:6)
  3 centaurs
  Blork the orc (D:6)
  4 bullfrogs
  A kobold brigand (D:8)
  2 necrophages
  A gnoll sergeant (D:9)
  4 scorpions
  11 wights
  5 killer bees (D:9)
  A vampire bat (Lair:2)
  2 electric eels (Lair:1)
  A howler monkey (D:6)
  A jelly (D:5)
  9 hounds
  8 orc priests
  A gnoll bouda (D:3)
  An iguana (D:4)
  9 orc wizards
  7 adders
  14 gnolls
  A shadow imp (D:6)
  4 white imps
  An ufetubus (D:6)
  2 worms (D:2)
  32 orcs
  8 ball pythons
  7 endoplasms
  5 giant cockroaches
  6 goblins
  6 hobgoblins
  5 jackals
  A quokka (D:4)
  16 bats
  12 kobolds
  3 rats
  A spectral hobgoblin (D:3)
262 creatures vanquished.

Vanquished Creatures (others)
  A two-headed ogre (D:7)
  5 fungi
  10 plants
16 creatures vanquished.

Grand Total: 278 creatures vanquished

Notes
Turn   | Place    | Note
-------+----------+-------------------------------------------
     0 | D:1      | MakMorn the Armataur Air Elementalist began the quest for
                  | the Orb.
     0 | D:1      | Reached XP level 1. HP: 14/14 MP: 3/3
   235 | D:1      | Reached skill level 1 in Conjurations
   235 | D:1      | Reached skill level 3 in Air Magic
   359 | D:1      | Found a faded altar of an unknown god.
   368 | D:1      | Prayed at the altar of an unknown god.
   368 | D:1      | Became a worshipper of Ignis, the Dying Flame
   437 | D:1      | Found Zienim's Antique Weapon Shop.
   453 | D:1      | Reached XP level 2. HP: 21/21 MP: 1/4
   552 | D:1      | Learned a level 2 spell: Static Discharge
  1772 | D:2      | Reached XP level 3. HP: 27/27 MP: 2/6
  1842 | D:2      | Found a hazy altar of Hepliaklqana.
  2353 | D:2      | Reached XP level 4. HP: 34/35 MP: 0/7
  2437 | D:2      | Found Zexemoogu's Antique Armour Shop.
  2734 | D:3      | Found a glowing golden altar of the Shining One.
  2810 | D:3      | Identified the +2 cloak "Eppas" {rElec Dex+3 Stlth+}
  3199 | D:3      | Reached skill level 4 in Air Magic
  3312 | D:3      | Found a blossoming altar of Fedhas.
  3514 | D:3      | Reached XP level 5. HP: 32/40 MP: 1/8
  3661 | D:3      | Found a shadowy altar of Dithmenos.
  3891 | D:3      | Found a bloodstained altar of Trog.
  4002 | D:3      | Reached XP level 6. HP: 34/48 MP: 2/10
  4253 | D:3      | Found an ancient bone altar of Kikubaaqudgha.
  4263 | D:3      | Found a runed translucent door.
  4264 | D:3      | Noticed Crazy Yiuf
  4582 | D:3      | Found a hazy altar of Hepliaklqana.
  5324 | D:4      | Reached skill level 5 in Air Magic
  5324 | D:4      | Reached XP level 7. HP: 52/53 MP: 7/12
  5778 | D:4      | Learned a level 3 spell: Swiftness
  6322 | D:2      | Bought an ichor-stained robe for 171 gold pieces
  6322 | D:2      | Identified the +1 robe of Hedging {rCorr Str+3 SInv} (You
                  | bought it in a shop on level 2 of the Dungeon)
  6434 | D:5      | Entered Level 5 of the Dungeon
  6551 | D:5      | Noticed Edmund
  6577 | D:5      | Killed Edmund
  6715 | D:5      | Learned a level 4 spell: Airstrike
  6951 | D:5      | Identified the +7 spear of the Boar {freeze, rN++}
  6963 | D:5      | Found a runed translucent gate.
  6963 | D:5      | Found a runed translucent gate.
  6963 | D:5      | Found a runed translucent gate.
  6975 | D:5      | Found an opulent altar of Gozag.
  6978 | D:5      | Noticed osoart's ghost (amateur DjFE)
  7226 | D:5      | Reached XP level 8. HP: 60/60 MP: 10/15
  7484 | D:5      | Reached skill level 6 in Air Magic
  7519 | D:5      | Found a sparkling altar of Nemelex Xobeh.
  7671 | D:5      | Reached skill level 5 in Spellcasting
  7874 | D:6      | Noticed Blork the orc
  7885 | D:6      | Killed Blork the orc
  8059 | D:6      | Identified the +2 ring mail of Death's Door {rN+ Stlth+}
  9079 | D:6      | Found a staircase to the Ecumenical Temple.
  9085 | Temple   | Entered the Ecumenical Temple
  9234 | D:6      | Found a staircase to the Ecumenical Temple.
  9913 | D:7      | Noticed a two-headed ogre
  9913 | D:7      | Found a stormy altar of Qazlal.
  9974 | D:6      | Reached skill level 5 in Conjurations
 10097 | D:7      | Reached skill level 1 in Staves
 10102 | D:7      | Killed a two-headed ogre
 10412 | D:7      | Reached skill level 1 in Fighting
 10414 | D:7      | Reached skill level 7 in Air Magic
 10482 | D:7      | Reached XP level 9. HP: 68/68 MP: 12/18
 12244 | D:8      | Found a snail-covered altar of Cheibriados.
 12351 | D:8      | Found a shimmering blue altar of Sif Muna.
 12786 | D:9      | Found a staircase to the Lair.
 12835 | D:9      | You fall into a shaft and drop 1 floor!
 12835 | D:10     | Entered Level 10 of the Dungeon
 12868 | D:10     | Noticed a two-headed ogre
 12956 | D:10     | Reached skill level 8 in Air Magic
 13259 | D:9      | Reached skill level 1 in Polearms
 13342 | D:9      | Found an opulent altar of Gozag.
 13786 | D:9      | Reached XP level 10. HP: 79/79 MP: 10/21
 14608 | D:9      | Learned a level 2 spell: Blink
 14609 | Lair:1   | Entered Level 1 of the Lair of Beasts
 14621 | Lair:1   | Noticed a cane toad
 14624 | Lair:1   | Killed a cane toad
 14794 | Lair:1   | Noticed a black mamba
 14799 | Lair:1   | Killed a black mamba
 14977 | Lair:1   | Reached skill level 9 in Air Magic
 15099 | D:9      | Learned a level 3 spell: Stone Arrow
 15217 | Temple   | Fell from the grace of Ignis
 15217 | Temple   | Became a worshipper of Vehumet
 15440 | Lair:1   | Noticed a cane toad
 15445 | Lair:1   | Killed a cane toad
 15595 | Lair:1   | Noticed a cane toad
 15598 | Lair:1   | Killed a cane toad
 15764 | Lair:1   | Got Gloorx Vloq's Directory of Darkness
 15856 | Lair:1   | Noticed a cane toad
 15858 | Lair:1   | Noticed a cane toad
 15860 | Lair:1   | Killed a cane toad
 15879 | Lair:1   | Killed a cane toad
 15880 | Lair:1   | Reached XP level 11. HP: 65/87 MP: 2/23
 17185 | Lair:2   | Noticed a seven-headed hydra
 18750 | Lair:2   | Reached skill level 10 in Air Magic
 19011 | Lair:2   | Found a hole to the Spider Nest.
 19159 | Lair:2   | Killed a seven-headed hydra
 19338 | Lair:2   | Found a staircase to the Shoals.
 19372 | Lair:2   | Reached * piety under Vehumet
 19372 | Lair:2   | Offered knowledge of Freeze by Vehumet.
 19955 | Lair:2   | Was forgiven by Ignis
 19971 | Lair:2   | Slain by a fire elemental

Illustrated notes

Levels and vault maps discovered:
D:1:      shiori_shiawase, layout_basic, serial_shops, shop,
          shapermc_ecumenical_altar_notcrosses
D:2:      layout_loops_corners, serial_shops, shop, basic_altar
D:3:      layout_basic, nicolae_hepliaklqana_monster_ancestors,
          nicolae_overflow_crystal_walls, trog_three_pillars_becter,
          lemuel_tele_altar, mainiacjoe_overflow_alcove_4,
          nicolae_dithmenos_through_a_glass_darkly, uniq_crazy_yiuf_cottage
D:4:      layout_loops_cross, minmay_fractal_squares_gapless_5
D:5:      layout_rooms, mainiacjoe_overflow_paths, ebering_ghost_gozag,
          uniq_edmund
D:6:      layout_loops_ring, minmay_temple_entry_nine_rooms, uniq_blork_the_orc
D:7:      layout_loops_ring, nicolae_qazlal_scattered_showers
D:8:      layout_gridville, lemuel_blue_sif_altar, kennysheep_mini
D:9:      layout_loops_ring, mainiacjoe_overflow_six_doors_small,
          lair_entry_dummy, hangedman_decor_riveting
D:10:     layout_big_octagon, okawaru_altar_gauntlet_db, bloody_makhleb
Temple:   hellmonk_temple_beads
Lair:1:   layout_long_grid, minivault_23, serial_bayou_lagoon_b
Lair:2:   layout_chaotic_city, elwin_shoals_entry_rocks, spider_nest_entry_webs,
          roderic_batcave, serial_bayou_shore_b, serial_bayou_shore_b

Skill      XL: |  1  2  3  4  5  6  7  8  9 10 11 |
---------------+----------------------------------+-----
Conjurations   | 1 2 3 4 5 6 |  6.4
Air Magic      | 3 4 5 7 8 9 10 | 10.3
Spellcasting   | 2 3 4 6 7 8 9 |  9.6
Staves         | 1 |  1.9
Fighting       | 1 2 3 4 |  4.1
Dodging        | 2 3 |  3.8
Polearms       | 1 2 3 |  3.1
Stealth        | |  2.1

Action                   |  1- 3 |  4- 6 |  7- 9 | 10-12 || total
-------------------------+-------+-------+-------+-------++-------
Melee: Whip              |    10 |       |       |       ||    10
       Unarmed           |     1 |       |       |       ||     1
       Spear             |    13 |    11 |    45 |    12 ||    81
       Tailslap          |     3 |     1 |     7 |     5 ||    16
       Staff             |       |       |       |    16 ||    16
       Punch             |       |       |       |     1 ||     1
 Cast: Shock             |    84 |   129 |    75 |    30 ||   318
       Static Discharge  |       |     6 |    51 |    28 ||    85
       Airstrike         |       |       |    92 |   121 ||   213
       Swiftness         |       |       |     1 |       ||     1
       Stone Arrow       |       |       |       |    36 ||    36
  Use: Scroll            |       |     6 |    10 |     3 ||    19
       Potion            |       |       |       |     5 ||     5
 Stab: Sleeping          |     1 |     1 |     3 |       ||     5
Armor: Robe              |    11 |    26 |    34 |    77 ||   148
Dodge: Dodged            |    22 |    31 |    57 |    59 ||   169

Table legend: (Time is in decaauts)
 A = Elapsed time spent in this place.
 B = Non-inter-level travel time spent in this place.
 C = Inter-level travel time spent in this place.
 D = Time resting spent in this place.
 E = Time spent auto-exploring this place.
 F = Levels seen in this place.
 G = Mean time per level.
                   A        B        C        D        E       F      G
               +--------+--------+--------+--------+--------+-----+--------+
         Total |  20003 |  18484 |   1519 |   5307 |   9811 |  13 | 1538.7 |
       Dungeon |  14731 |  13492 |   1239 |   3109 |   7907 |  10 | 1473.1 |
        Temple |    155 |    106 |     49 |      0 |     94 |   1 |  155.0 |
          Lair |   5116 |   4885 |    231 |   2198 |   1810 |   2 | 2558.0 |
               +--------+--------+--------+--------+--------+-----+--------+

Top non-repeatable levels by time:
  Lair:1: 3129 daAuts
     D:3: 2017 daAuts
     D:6: 1990 daAuts
  Lair:2: 1986 daAuts
     D:2: 1787 daAuts
     D:9: 1728 daAuts
     D:4: 1649 daAuts
     D:5: 1395 daAuts
     D:7: 1395 daAuts
     D:8: 1284 daAuts
     D:1: 1204 daAuts
    D:10: 277 daAuts
  Temple: 155 daAuts
